AoeStats
← Jako2621

Four Lakes

507050834Analyzed
1v1 RM · 15d ago on Sep 16, 2026· 49m 7s· 2 players
Game mode
Random Map
Map size
Tiny (2 player)
Population
200
Speed
Normal
Resources
Standard
Victory
Conquest
Starting age
Dark Age
Ending age
Imperial Age
RankedLock teamsTeams togetherTeam positionsShared explorationLock speedFull tech treeHidden civsTurbo modeCheats
Victory
Defeat
🇺🇸 Aztecs · United States
444
+18
🇫🇷 Franks · France
485
-18
Taco N M3
9:21 Loom
11:49 Feudal Age
12:07 Man-at-Arms
21:47 Castle Age
20:08 Double-Bit Axe
20:23 Horse Collar
22:45 Bow Saw
22:39 Heavy Plow
23:41 Fletching
25:42 Scale Mail Armor
27:58 Pikeman
32:37 Chain Mail Armor
32:33 Forging
33:04 Arson
33:19 Squires
40:55 Imperial Age
43:48 Plate Mail Armor
45:55 Capped Ram
Jako2621
0:35 Loom
12:32 Feudal Age
13:51 Wheelbarrow
17:03 Town Watch
17:10 Double-Bit Axe
20:42 Gold Mining
20:47 Stone Mining
26:33 Castle Age
24:22 Fishing Lines
27:58 Hand Cart
27:50 Husbandry
27:12 Light Cavalry
28:07 Bow Saw
28:37 Gold Shaft Mining
28:37 Gillnets
32:09 Town Patrol
32:30 Scale Barding Armor
32:36 Forging
33:01 Coinage
39:29 Chain Barding Armor
39:46 Iron Casting
43:24 Imperial Age
44:36 Cavalier
45:59 Hoardings
48:14 Murder Holes
48:30 Masonry
48:06 Arrowslits
48:28 Siege Engineers
49:02 Plate Barding Armor
Connection lost

Rejoining the realm…

Still unreachable

The connection could not be restored.

Session expired

The server has moved on; the page needs a fresh start.